 Dungeon Crawl Stone Soup version 0.19.4-9-g45fd643 (webtiles) character file.

53 galech the Skirmisher (level 3, -6/40 HPs)
             Began as an Ogre Fighter on Feb 16, 2017.
             Mangled by Sigmund
             ... wielding a +0 scythe
              (10 damage)
             ... on level 3 of the Dungeon.
             The game lasted 00:02:05 (1408 turns).

galech the Skirmisher (Ogre Fighter)                Turns: 1408, Time: 00:02:05

Health: -6/40      AC:  3    Str: 22    XL:     3   Next: 87%
Magic:  3/3        EV:  9    Int:  7    God:
Gold:   110        SH:  9    Dex: 13    Spells: 0 memorised, 2 levels left

rFire  . . .     SeeInvis .     a - +0 flail
rCold  . . .     Gourm    .     b - +0 robe
rNeg   . . .     Faith    .     c - +0 shield
rPois  .         Spirit   .     (helmet restricted)
rElec  .         Reflect  .     (no cloak)
rCorr  .         Harm     .     (gloves unavailable)
MR     .....                    (boots unavailable)
Stlth  +.........               (no amulet)
                                (no ring)
                                g - +4 ring of dexterity

@: no status effects
A: unfitting armour, tough skin 1
a: no special abilities


You were on level 3 of the Dungeon.
You were not hungry.

You visited 1 branch of the dungeon, and saw 3 of its levels.

You collected 110 gold pieces.

Inventory:

Hand Weapons
 a - a +0 flail (weapon)
Armour
 b - a +0 robe (worn)
 c - a +0 shield (worn)
Jewellery
 g - a +4 ring of dexterity (left hand)
Scrolls
 h - 3 scrolls of identify {unknown}
 j - a scroll of remove curse {unknown}
 k - a scroll of enchant weapon {unknown}
 m - a scroll of immolation {unknown}
 r - a scroll of recharging {unknown}
Potions
 d - 2 potions of might
 e - a potion of flight {unknown}
 l - 2 potions of haste {unknown}
 o - a potion of brilliance {unknown}
 p - a potion of lignification {unknown}
 q - a potion of magic {unknown}
Comestibles
 f - 2 bread rations
 i - a meat ration
 n - 3 chunks of flesh


   Skills:
 + Level 4.5 Fighting
 + Level 3.8 Maces & Flails
 + Level 3.0 Dodging
 + Level 0.4 Stealth
 + Level 3.0 Shields


You had 2 spell levels left.
You didn't know any spells.

Dungeon Overview and Level Annotations

Branches:
Dungeon (3/15)

Altars:
Ashenzari

Annotations:
D:3 Sigmund


Innate Abilities, Weirdness & Mutations

You are too large for most types of armour.
You have tough skin. (AC +1)


Message History

You are too injured to fight recklessly!
You are too injured to fight recklessly!
You are too injured to fight recklessly!
You are too injured to fight recklessly!
You are too injured to fight recklessly!
You are too injured to fight recklessly!
You are too injured to fight recklessly!
You are too injured to fight recklessly!
You are too injured to fight recklessly!
You are too injured to fight recklessly!
You are too injured to fight recklessly!
You sock Sigmund!
Sigmund is severely wounded.
Sigmund gestures at you while chanting. The puff of flame hits you!
* * * LOW HITPOINT WARNING * * *
You hit Sigmund.
Sigmund is severely wounded.
Sigmund hits you with a scythe!
You die...

#.## .# ...###.. #..
........>..<. ..#
#.#...(.. ..$ #.#
#.......# #.# #.#
#.#.....# #w# #.###.#
#..# #@#
##.#.#.###..####@# ##.
#<..#............#.....
...###..##......$..#
#...#...##.#...........
...........#.##########
...†....####.#
#...#........#
#.......######
#########


You could see Sigmund and a worm.

Vanquished Creatures
  An adder (D:2)
  3 worms
  2 dart slugs
  2 leopard geckos
  A ball python (D:1)
  4 bats
  A giant cockroach (D:1)
  5 goblins
  7 kobolds
  A quokka (D:2)
  2 frilled lizards (D:1)
  A rat (D:1)
30 creatures vanquished.

Notes
Turn   | Place    | Note
-------+----------+-------------------------------------------
     0 | D:1      | galech the Ogre Fighter began the quest for the Orb.
     0 | D:1      | Reached XP level 1. HP: 24/24 MP: 1/1
    90 | D:1      | Reached XP level 2. HP: 30/32 MP: 2/2
   694 | D:2      | Reached XP level 3. HP: 27/40 MP: 3/3
   890 | D:2      | Found a shattered altar of Ashenzari.
   894 | D:2      | Saw a vision of the Shoals and the Snake Pit.
   894 | D:2      | Noticed a shock serpent
   894 | D:2      | Noticed a sea snake
   894 | D:2      | Noticed a merfolk
   894 | D:2      | Noticed a black mamba
   894 | D:2      | Noticed a siren
   894 | D:2      | Noticed a naga ritualist
   894 | D:2      | Noticed a naga
   894 | D:2      | Noticed a salamander
   894 | D:2      | Noticed a mana viper
   894 | D:2      | Noticed a sea snake
   894 | D:2      | Noticed a naga warrior
   894 | D:2      | Noticed a siren
   894 | D:2      | Noticed a merfolk
   894 | D:2      | Noticed an anaconda
   895 | D:2      | Noticed a naga mage
   895 | D:2      | Noticed a hippogriff
   895 | D:2      | Noticed a naga mage
   895 | D:2      | Noticed a black mamba
   896 | D:2      | Noticed a siren
  1395 | D:3      | Noticed Sigmund
  1408 | D:3      | Mangled by Sigmund

Skill      XL: |  1  2  3 |
---------------+----------+-----
Maces & Flails | 3 |  3.8
Shields        | 3 |  3.0
Dodging        | 3 |  3.0
Fighting       | |  4.5
Stealth        | |  0.4

Action                   || total
-------------------------++-------
Melee: Flail             ||   108
 Stab: Sleeping          ||     2
  Eat: Chunk             ||     2
Armor: Robe              ||    16
Dodge: Dodged            ||    42
Block: Shield            ||    45
